 Dungeon Crawl Stone Soup version 0.29.1-1-gd02db6906a (webtiles) character file.

Game seed: 9328840452815829721

2067 KamiKatze the Chopper (level 9, -3/72 HPs)
             Began as a Palentonga Fighter on Oct 3, 2022.
             Slain by Prince Ribbit (6 damage)
             ... on level 5 of the Dungeon.
             The game lasted 00:15:51 (5957 turns).

KamiKatze the Chopper (Palentonga Fighter)          Turns: 5957, Time: 00:15:52

Health: -3/72      AC: 17    Str: 23    XL:     9   Next: 5%
Magic:  9/9        EV:  7    Int:  8    God:
Gold:   230        SH:  5    Dex: 13    Spells: 8/8 levels left

rFire   + . .      SeeInvis +   a - +1 war axe
rCold   + . .      Faith    .   c - +0 buckler
rNeg    . . .      Spirit   .   o - +2 chain mail {rF+}
rPois   .          Reflect  .   (no helmet)
rElec   .          Harm     .   (no cloak)
rCorr   .          Rampage  .   (no gloves)
Will    .....                   (no barding)
Stlth   ..........              (no amulet)
HPRegen 0.22/turn               u - ring of protection from cold
MPRegen 0.11/turn               (no ring)

@: curled up
A: large, rugged brown scales 3, see invisible, deformed body, roll 1, armoured
tail, reflexive curl
a: Rolling Charge


You were on level 5 of the Dungeon.
You visited 1 branch of the dungeon, and saw 6 of its levels.

You collected 230 gold pieces.

Inventory:

Hand Weapons
 a - a +1 war axe (weapon)
 k - a +2 whip of flaming
 w - a +1 trident of protection
Armour
 b - a +0 scale mail
 c - a +0 buckler (worn)
 o - a +2 chain mail of fire resistance (worn)
Jewellery
 u - a ring of protection from cold (left hand)
Wands
 j - a wand of polymorph (1)
 s - a wand of flame (9)
Scrolls
 f - a scroll of vulnerability
 g - 2 scrolls of immolation {unknown}
 m - a scroll of teleportation
 q - a scroll of magic mapping {unknown}
Potions
 d - 2 potions of might
 e - 3 potions of attraction
 h - a potion of mutation {unknown}
 i - 2 potions of flight
 l - 3 potions of brilliance
 n - a potion of lignification {unknown}
 p - a potion of resistance
 r - 2 potions of curing
 v - a potion of heal wounds {unknown}


   Skills:
 + Level 5.5 Fighting
 * Level 7.2 Axes
 + Level 4.6 Armour
 + Level 3.8 Dodging
 + Level 5.1 Shields


You had 8 spell levels left.
You didn't know any spells.
Your spell library contained the following spells:

 Spells                   Type           Power      Damage    Failure   Level
 Apportation              Tloc           0%         N/A       98%         1
 Beastly Appendage        Tmut           0%         N/A       98%         1
 Necrotise                Necr           0%         1d4       98%         1
 Summon Small Mammal      Summ           0%         N/A       98%         1
 Wereblood                Tmut           0%         N/A       99%         2
 Gell's Gravitas          Tloc           0%         N/A       100%        3
 Spider Form              Tmut/Pois      0%         N/A       100%        3
 Teleport Other           Tloc           0%         N/A       100%        3
 Dispersal                Tloc           0%         N/A       100%        6


Dungeon Overview and Level Annotations

Branches:
Dungeon (6/15)
 Temple: D:4-7

Altars:
Dithmenos

Shops:
D:3 (

Annotations:
D:5 1 runed translucent door, exclusion: door, Crazy Yiuf, Prince Ribbit


Innate Abilities, Weirdness & Mutations

You are completely covered in rugged brown scales. (AC +3, +7% HP)
You have supernaturally acute eyesight. (SInv)
Armour fits poorly on your strangely shaped body.
You can roll at nearby foes to attack.
You have a long armoured tail.
You curl defensively after being hit. (AC +7*)


Message History

Unknown command.
Throw: 2 darts (poison)
Press: ? - help, Q - select action, (/) - cycle Shift-Dir - straight line, f/p - Prince Ribbit
Aim: Prince Ribbit (lightly wounded, poisoned, 36% to hit)
You throw a poisoned dart.
The poisoned dart closely misses Prince Ribbit.
Unknown command.
Throw: dart (poison)
Press: ? - help, Q - select action, (/) - cycle Shift-Dir - straight line, f/p - Prince Ribbit
Aim: Prince Ribbit (lightly wounded, poisoned, 36% to hit)
You throw a poisoned dart.
The poisoned dart closely misses Prince Ribbit.
You miss Prince Ribbit.
Prince Ribbit is lightly wounded.
Prince Ribbit hits you. Prince Ribbit hits you!
You slash Prince Ribbit!
Prince Ribbit is heavily wounded.
Prince Ribbit looks more healthy.
Prince Ribbit hits you.
You barely miss Prince Ribbit.
Prince Ribbit is heavily wounded.
Prince Ribbit blinks!
Prince Ribbit closely misses you.
You hit Prince Ribbit.
Prince Ribbit is heavily wounded.
Prince Ribbit hits you. You block Prince Ribbit's attack.
You closely miss Prince Ribbit.
Prince Ribbit is heavily wounded.
Prince Ribbit hits you. Prince Ribbit barely misses you.
You miss Prince Ribbit.
Prince Ribbit is heavily wounded.
Prince Ribbit hits you.
* * * LOW HITPOINT WARNING * * *
Prince Ribbit hits you!
* * * LOW HITPOINT WARNING * * *
You closely miss Prince Ribbit.
Prince Ribbit is heavily wounded.
Prince Ribbit hits you!
* * * LOW HITPOINT WARNING * * *
Prince Ribbit hits you.
You die...

#....#..#...... .+ ....
#....#..'...... ### ..#
.((#+####..#####...... ..###..#
#.....###..#.....###'# ........
#..(..#....#.....#.... ........
#.....#....'.....#.... ........
#.....+....#.....#..## ........
#.....#....#.....#..#
'########+##....@#+####.....#'##
...............F.....####'#....##
.....................#....#....#.
.....................#....#......
.....................#.####......
######## ##+##....#'####.....###.
.......# #....#....#.....#.##
.......# #....#....'.....#.#
..##...# #.<..#....#.....'.#


You could see Prince Ribbit.

Vanquished Creatures
  Pikel (D:4)
  A wraith (D:5)
  Eustachio (D:5)
  A water moccasin (D:5)
  2 black bears
  An ice beast (D:6)
  A centaur (D:5)
  2 phantoms (D:4)
  2 lemures (D:4)
  3 scorpions (D:4)
  A gnoll bouda (D:4)
  5 hounds
  A jelly (D:5)
  2 orc priests (D:3)
  4 iguanas
  6 gnolls
  3 adders (D:3)
  A dart slug (D:3)
  17 orcs
  6 endoplasms
  A giant cockroach (D:1)
  10 goblins
  10 hobgoblins
  3 jackals (D:3)
  8 kobolds
  4 quokkas
  6 ball pythons
  3 bats (D:1)
  6 frilled lizards
  2 rats
114 creatures vanquished.

Vanquished Creatures (others)
  14 plants (D:4)
14 creatures vanquished.

Grand Total: 128 creatures vanquished

Notes
Turn   | Place    | Note
-------+----------+-------------------------------------------
     0 | D:1      | KamiKatze the Palentonga Fighter began the quest for the
                  | Orb.
     0 | D:1      | Reached XP level 1. HP: 19/19 MP: 1/1
    24 | D:1      | Reached XP level 2. HP: 13/25 MP: 2/2
   858 | D:1      | Reached XP level 3. HP: 31/31 MP: 3/3
  1021 | D:2      | Found a faded altar of an unknown god.
  1745 | D:3      | Reached skill level 3 in Axes
  1795 | D:3      | Reached XP level 4. HP: 26/37 MP: 4/4
  1916 | D:3      | Reached skill level 1 in Dodging
  2014 | D:3      | Found Xoneguz's Antique Weapon Shop.
  2354 | D:3      | Reached XP level 5. HP: 42/43 MP: 5/5
  2834 | D:4      | Reached skill level 4 in Axes
  2834 | D:4      | Reached XP level 6. HP: 31/51 MP: 6/6
  3404 | D:4      | Gained mutation: You curl defensively after being hit. (AC
                  | +7*) [Palentonga growth]
  3404 | D:4      | Reached XP level 7. HP: 57/57 MP: 7/7
  3586 | D:4      | Reached skill level 5 in Axes
  4156 | D:5      | Entered Level 5 of the Dungeon
  4618 | D:5      | Found a shadowy altar of Dithmenos.
  4895 | D:5      | Reached XP level 8. HP: 47/65 MP: 8/8
  4951 | D:6      | Reached skill level 6 in Axes
  5106 | D:5      | Noticed Eustachio
  5111 | D:5      | Killed Eustachio
  5112 | D:5      | Reached skill level 5 in Fighting
  5208 | D:5      | Noticed Pikel
  5514 | D:4      | Killed Pikel
  5515 | D:4      | Reached skill level 7 in Axes
  5515 | D:4      | Reached skill level 5 in Shields
  5746 | D:5      | Found a runed translucent door.
  5747 | D:5      | Noticed Crazy Yiuf
  5893 | D:5      | Reached XP level 9. HP: 52/72 MP: 9/9
  5946 | D:5      | Noticed Prince Ribbit
  5957 | D:5      | HP: 3/72 [Prince Ribbit (14)]
  5957 | D:5      | Slain by Prince Ribbit

Illustrated notes

Levels and vault maps discovered:
D:1:      spicycebolla_green_bress_n_ham, layout_basic, st_stairs_8
D:2:      layout_basic, hellmonk_ecumenical_altar_heavens_door
D:3:      kennysheep_big_flooded_room, layout_loops_ring, serial_shops,
          nicolae_shop_stone, serial_rivers, chequers_serial_rivers_marsh,
          chequers_serial_rivers_micro_b, chequers_serial_rivers_micro_b,
          chequers_serial_rivers_micro_d, chequers_serial_rivers_micro_b,
          chequers_serial_rivers_micro_b, grunt_decor_fettered,
          minmay_misc_feat_nine_boxes
D:4:      layout_loops_ring, hangedman_abyss_or_decor_slice, chequers_big_river
D:5:      layout_gridville, nicolae_dithmenos_the_darkroom, uniq_prince_ribbit1,
          uniq_crazy_yiuf_cottage, uniq_pikel, uniq_eustachio
D:6:      layout_basic, mainiacjoe_overflow_concentric_impassable,
          mainiacjoe_overflow_six_doors_small,
          mainiacjoe_overflow_small_starburst, st_stairs_4

Skill      XL: |  1  2  3  4  5  6  7  8 |
---------------+-------------------------+-----
Shields        | 3 4 5 |  5.1
Axes           | 3 4 5 7 |  7.2
Dodging        | 1 2 3 |  3.8
Armour         | 3 4 |  4.6
Fighting       | 4 5 |  5.5

Action                   |  1- 3 |  4- 6 |  7- 9 || total
-------------------------+-------+-------+-------++-------
Melee: War axe           |    81 |   107 |   152 ||   340
       Tailslap          |     9 |    14 |    31 ||    54
Throw: Dart              |       |       |     3 ||     3
 Abil: Rolling Charge    |    27 |    24 |    22 ||    73
  Use: Scroll            |       |     5 |     7 ||    12
Armor: Scale mail        |    23 |     1 |       ||    24
       Chain mail        |       |    48 |    69 ||   117
Dodge: Dodged            |    31 |    31 |    32 ||    94
Block: Buckler           |    11 |    16 |    26 ||    53
